 Dungeon Crawl Stone Soup version 0.29.1-4-g47bece8355 (webtiles) character file.

Game seed: 8863090686785680823

31888 sanboga the Brawler (level 13, -6/162 HPs)
             Began as a Demonspawn Berserker on Dec 10, 2022.
             Was a High Priest of Trog.
             Killed from afar by a rakshasa (illusionary) (11 damage)
             ... with a lance of force
             ... on level 14 of the Dungeon.
             The game lasted 00:18:45 (17565 turns).

sanboga the Brawler (Demonspawn Berserker)         Turns: 17565, Time: 00:18:45

Health: -6/162     AC: 22    Str: 21    XL:     13   Next: 28%
Magic:  13/13      EV:  7    Int: 11    God:    Trog [*****.]
Gold:   871        SH:  0    Dex: 18    Spells: 12/12 levels left

rFire   . . .      SeeInvis .     - Unarmed
rCold   . . .      Faith    .   (no shield)
rNeg    . . .      Spirit   .   J - +1 plate armour
rPois   +          Reflect  .   I - +2 hat
rElec   .          Harm     .   h - +0 cloak
rCorr   .          Rampage  .   (gloves unavailable)
Will    .....                   (no boots)
Stlth   ..........              y - amulet of the acrobat
HPRegen 0.37/turn               C - +6 ring of dexterity
MPRegen 0.13/turn               d - ring of poison resistance

@: berserking (expiring), very quick
A: claws 3, molten scales 2, foul stench 3, spiny 1
a: Renounce Religion, Berserk, Trog's Hand, Brothers in Arms


You were on level 14 of the Dungeon.
You worshipped Trog.
Trog was extremely pleased with you.
You visited 1 branch of the dungeon, and saw 14 of its levels.

You collected 1189 gold pieces.
You spent 318 gold pieces at shops.

Inventory:

Armour
 h - a +0 cloak (worn)
 I - a +2 hat (worn)
 J - a +1 plate armour (worn)
Jewellery
 d - a ring of poison resistance (right claw)
 e - a ring of see invisible
 y - an amulet of the acrobat (around neck)
 C - a +6 ring of dexterity (left claw)
 H - a ring of fire
Wands
 a - a wand of flame (6)
 j - a wand of digging (3)
 l - a wand of light (8)
 t - a wand of polymorph (8)
 z - a wand of paralysis (3)
 F - a wand of mindburst (3)
Scrolls
 b - 4 scrolls of teleportation
 c - 2 scrolls of fog
 f - a scroll of blinking
 m - a scroll of poison
 r - 3 scrolls of fear
 v - 2 scrolls of torment
Potions
 g - 3 potions of might
 i - 6 potions of heal wounds
 k - 3 potions of berserk rage
 n - 6 potions of haste
 o - 11 potions of curing
 p - a potion of magic {unknown}
 s - 6 potions of flight
 u - 2 potions of mutation
 A - 3 potions of ambrosia


   Skills:
 + Level 12.0 Fighting
 + Level 10.8 Armour
 - Level 1.7 Dodging
 * Level 15.0 Unarmed Combat


You had 12 spell levels left.
You didn't know any spells.
Your spell library was empty.

Dungeon Overview and Level Annotations

Branches:
Dungeon (14/15)            Temple (0/1) D:4            Lair (0/5) D:8
    Orc (0/2) D:10         Vaults (0/5) D:13

Altars:
Gozag
Kikubaaqudgha
Makhleb
Sif Muna
Uskayaw
Vehumet
Wu Jian

Shops:
D:1 *   D:4 !   D:12 (


Innate Abilities, Weirdness & Mutations

You have claws for hands.
You are mostly covered in molten scales. (AC +3)
You frequently emit foul miasma when damaged in melee.
You are partially covered in sharp spines.


Message History

The rakshasa is severely wounded.
The rakshasa is struck by your spines.
The rakshasa hits you but does no damage.
The injured rakshasa weaves a defensive illusion!
You scratch the rakshasa. Your claw misses the rakshasa.
The rakshasa is almost dead.
The rakshasa hits you with a +0 trident!
You emit a cloud of foul miasma!
The rakshasa barely misses you.
You miss the rakshasa.
The rakshasa is almost dead.
You are too injured to fight recklessly!
A red film seems to cover your vision as you go berserk!
You feel yourself moving faster!
You feel mighty!
The rakshasa blinks!
The rakshasa hits you with a +0 trident!
* * * LOW HITPOINT WARNING * * *
You emit a cloud of foul miasma!
The rakshasa hits you but does no damage.
You scratch the rakshasa.
The rakshasa is severely wounded.
The rakshasa blinks!
The rakshasa gestures at you. The lance of force hits you!!
* * * LOW HITPOINT WARNING * * *
You are knocked back by the lance of force.
You slam into the rock wall!
You feel a strong urge to attack something.
The rakshasa is struck by your spines.
The rakshasa hits you with a +0 trident.
* * * LOW HITPOINT WARNING * * *
There is a stone staircase leading up, spattered with blood here.
You scratch the rakshasa but do no damage.
The rakshasa is severely wounded.
The rakshasa hits you from afar with a +0 trident.
* * * LOW HITPOINT WARNING * * *
The rakshasa hits you with a +0 trident.
* * * LOW HITPOINT WARNING * * *
You emit a cloud of foul miasma!
The rakshasa gestures at you. The lance of force hits you!
You die...

#.........###
.......
#.........#
.......
#......?..#
.......
#######'###
....... #.#
#####'####
#........#
#........+
#...R.@..#
#.....○R.#
#.....R☼.#
+........#
#........#
##+#######


You could see 3 rakshasas.

Vanquished Creatures
  Rupert (D:13)
  Gastronok (D:8)
  Nessos (D:13)
  Harold (D:11)
  A hydra (D:11)
  A death knight (D:13)
  2 ogre magi
  The ghost of Rudyous the Fighter, a novice MiFi of Gozag (D:10)
  3 two-headed ogres
  A centaur warrior (D:13)
  A tengu warrior (D:13)
  The ghost of lotum the Cleaver, a novice HOFi of Ru (D:9)
  2 skeletal warriors (D:13)
  2 orc knights (D:13)
  2 deep elf pyromancers
  3 manticores
  The ghost of mkat the Reanimator, a novice DsNe of Dithmenos (D:5)
  7 ugly things
  4 centaur skeletons (D:13)
  An efreet (D:12)
  A kobold demonologist (D:10)
  A tengu conjurer (D:14)
  A komodo dragon (D:11)
  4 trolls
  3 slime creatures (D:12)
  3 shadows
  A vampire (D:9)
  2 wraiths
  Eustachio (D:4)
  4 wyverns
  A basilisk (D:13)
  8 yaks
  4 steam dragons
  2 vampire mosquitoes (D:10)
  4 wargs (D:10)
  An acid dragon (D:13)
  19 orc warriors
  An ice beast (D:7)
  3 sky beasts
  7 ogres
  A boggart (D:13)
  8 centaurs
  2 phantoms
  7 kobold brigands
  2 bullfrogs (D:9)
  A necrophage (D:5)
  A scorpion (D:6)
  5 wights (D:9)
  9 killer bees
  7 howler monkeys
  2 electric eels
  3 hounds
  2 quasits (D:5)
  A jelly (D:6)
  17 orc priests
  2 gnoll boudas
  3 iguanas
  17 orc wizards
  10 gnolls
  8 adders
  3 shadow imps
  A white imp (D:5)
  2 ufetubi
  A worm (D:3)
  2 dart slugs (D:1)
  82 orcs
  8 endoplasms
  4 giant cockroaches
  5 goblins
  14 hobgoblins
  9 jackals
  6 quokkas
  11 ball pythons
  11 bats
  3 frilled lizards
  21 kobolds
  3 rats
402 creatures vanquished.

Vanquished Creatures (others)
  An orc wizard (D:8)
  A quokka (D:14)
  3 plants (D:7)
5 creatures vanquished.

Grand Total: 407 creatures vanquished

Notes
Turn   | Place    | Note
-------+----------+-------------------------------------------
     0 | D:1      | sanboga the Demonspawn Berserker began the quest for the
                  | Orb.
     0 | D:1      | Reached XP level 1. HP: 18/18 MP: 1/1
   372 | D:1      | Reached skill level 3 in Unarmed Combat
   378 | D:1      | Gained mutation: You have sharp fingernails. [demonic
                  | ancestry]
   378 | D:1      | Reached XP level 2. HP: 23/24 MP: 2/2
   812 | D:1      | Gained mutation: You are partially covered in sharp spines.
                  | [demonic ancestry]
   812 | D:1      | Reached XP level 3. HP: 14/29 MP: 3/3
  1108 | D:1      | Reached ** piety under Trog
  1441 | D:1      | Found Rukurrot's General Store.
  1444 | D:1      | Bought a potion of might for 52 gold pieces
  1444 | D:1      | Bought a scroll of identify for 26 gold pieces
  1700 | D:2      | Gained mutation: You have very sharp fingernails. [demonic
                  | ancestry]
  1700 | D:2      | Reached XP level 4. HP: 35/35 MP: 4/4
  2391 | D:3      | Noticed an ogre
  2396 | D:3      | Killed an ogre
  2397 | D:3      | Reached skill level 4 in Unarmed Combat
  2397 | D:3      | Reached XP level 5. HP: 42/42 MP: 5/5
  2760 | D:3      | Found a faded altar of an unknown god.
  2773 | D:3      | Reached *** piety under Trog
  3330 | D:4      | Gained mutation: You have claws for hands. [demonic
                  | ancestry]
  3330 | D:4      | Reached XP level 6. HP: 34/48 MP: 6/6
  3663 | D:4      | Found Sifov's Distillery.
  3671 | D:4      | Bought a potion of mutation for 80 gold pieces
  3671 | D:4      | Bought a potion of heal wounds for 50 gold pieces
  3695 | D:4      | Reached skill level 5 in Unarmed Combat
  3811 | D:4      | Bought a potion of attraction for 30 gold pieces
  3835 | D:4      | Noticed Eustachio
  3847 | D:4      | Killed Eustachio
  3994 | D:4      | Found a staircase to the Ecumenical Temple.
  4058 | D:5      | Entered Level 5 of the Dungeon
  4089 | D:5      | Gained mutation: You are partially covered in molten
                  | scales. (AC +2) [demonic ancestry]
  4089 | D:5      | Reached XP level 7. HP: 55/55 MP: 7/7
  4101 | D:5      | You fall into a shaft and drop 2 floors!
  4567 | D:5      | Reached skill level 5 in Fighting
  4592 | D:5      | Reached skill level 6 in Unarmed Combat
  4684 | D:5      | Reached **** piety under Trog
  4690 | D:5      | Found a transporter.
  4785 | D:5      | Noticed mkat's ghost (novice DsNe)
  4826 | D:5      | Found a transporter.
  4963 | D:5      | Gained mutation: You may rarely emit foul miasma when
                  | damaged in melee. [demonic ancestry]
  4963 | D:5      | Reached XP level 8. HP: 44/63 MP: 8/8
  5116 | D:5      | Found an ornate altar of the Wu Jian Council.
  5404 | D:4      | Bought a potion of heal wounds for 50 gold pieces
  5404 | D:4      | Bought a potion of curing for 30 gold pieces
  5450 | D:5      | Killed mkat's ghost
  5451 | D:5      | Reached skill level 5 in Armour
  5451 | D:5      | Reached skill level 7 in Unarmed Combat
  5681 | D:6      | Reached skill level 8 in Unarmed Combat
  5712 | D:6      | Reached XP level 9. HP: 39/71 MP: 9/9
  5722 | D:6      | HP: 5/106 [something (4)]
  6695 | D:7      | Found an ancient bone altar of Kikubaaqudgha.
  6813 | D:7      | Found a radiant altar of Vehumet.
  6818 | D:7      | Found a shimmering blue altar of Sif Muna.
  6972 | D:8      | Reached skill level 9 in Unarmed Combat
  6976 | D:8      | Found a staircase to the Lair.
  7680 | D:8      | Noticed a troll
  7688 | D:8      | Killed a troll
  7721 | D:8      | Noticed Gastronok
  7741 | D:8      | Reached XP level 10. HP: 26/80 MP: 10/10
  7741 | D:8      | Killed Gastronok
  7741 | D:8      | Reached ***** piety under Trog
  7742 | D:8      | Reached skill level 10 in Unarmed Combat
  8626 | D:9      | Reached skill level 11 in Unarmed Combat
  8970 | D:9      | Found a transporter.
  8970 | D:9      | Noticed lotum's ghost (novice HOFi)
  8970 | D:9      | Noticed a two-headed ogre
  8972 | D:9      | Found a transporter.
  9229 | D:9      | Killed lotum's ghost
  9230 | D:9      | Gained mutation: You sometimes emit foul miasma when
                  | damaged in melee. [demonic ancestry]
  9230 | D:9      | Reached XP level 11. HP: 56/89 MP: 11/11
  9399 | D:9      | Killed a two-headed ogre
  9442 | D:10     | Entered Level 10 of the Dungeon
  9660 | D:10     | Found a staircase to the Orcish Mines.
  9757 | D:10     | Found a burning altar of Makhleb.
  9760 | D:10     | Noticed an angel
  9760 | D:10     | Noticed a balrug
  9768 | D:10     | Noticed a two-headed ogre
  9775 | D:10     | Killed a two-headed ogre
  9824 | D:10     | Received a gift from Trog
  9849 | D:10     | Reached skill level 12 in Unarmed Combat
 10772 | D:10     | Found a runed translucent gate.
 10772 | D:10     | Found a runed translucent gate.
 10772 | D:10     | Found a runed translucent gate.
 10773 | D:10     | Noticed Rudyous's ghost (novice MiFi)
 10785 | D:10     | Killed Rudyous's ghost
 11151 | D:10     | Reached skill level 10 in Fighting
 11596 | D:11     | Noticed a two-headed ogre
 11601 | D:11     | Noticed a deep elf pyromancer
 11609 | D:11     | Killed a two-headed ogre
 11615 | D:11     | Killed a deep elf pyromancer
 11883 | D:11     | Noticed a seven-headed hydra
 11891 | D:11     | Killed a ten-headed hydra
 11959 | D:11     | Noticed a +0 short sword
 11959 | D:11     | Noticed a +0 falchion
 11960 | D:11     | Noticed a +0 short sword
 11960 | D:11     | Noticed a +0 falchion
 11960 | D:11     | Noticed a +0 spear
 11960 | D:11     | Noticed a +0 spear
 11961 | D:11     | Noticed a +0 dagger
 11961 | D:11     | Noticed a +0 dagger
 11973 | D:11     | Found a hide-covered altar of Uskayaw.
 12246 | D:11     | Noticed Harold
 12259 | D:11     | Killed Harold
 12260 | D:11     | Reached skill level 13 in Unarmed Combat
 12647 | D:12     | Gained mutation: You frequently emit foul miasma when
                  | damaged in melee. [demonic ancestry]
 12647 | D:12     | Reached XP level 12. HP: 60/98 MP: 12/12
 12888 | D:12     | Found Fixoig's Antique Weapon Emporium.
 13315 | D:12     | Found an opulent altar of Gozag.
 13835 | D:13     | Noticed a centaur warrior
 13844 | D:13     | Killed a centaur warrior
 13991 | D:13     | Noticed an ogre mage
 14014 | D:13     | Received a gift from Trog
 14018 | D:13     | Killed an ogre mage
 14569 | D:13     | Reached skill level 10 in Armour
 14784 | D:13     | Reached skill level 14 in Unarmed Combat
 15416 | D:13     | Noticed Rupert
 15428 | D:13     | Killed Rupert
 15686 | D:13     | Noticed Nessos
 15693 | D:13     | Killed Nessos
 15801 | D:12     | Noticed a death knight
 15823 | D:13     | Killed a death knight
 16104 | D:12     | Noticed an ogre mage
 16254 | D:12     | Paralysed by an ogre mage for 2 turns
 16258 | D:12     | Gained mutation: You are mostly covered in molten scales.
                  | (AC +3) [demonic ancestry]
 16258 | D:12     | Reached XP level 13. HP: 97/105 MP: 13/13
 16546 | D:13     | Found a gate to the Vaults.
 17237 | D:13     | Reached skill level 15 in Unarmed Combat
 17565 | D:14     | HP: 5/162 [rakshasa/+0 trident (6)]
 17565 | D:14     | Killed from afar by a rakshasa (illusionary)

Illustrated notes

Levels and vault maps discovered:
D:1:      dpeg_arrival_arbitrary_a, layout_basic, serial_shops,
          nicolae_shop_behind_doors
D:2:      layout_basic
D:3:      layout_basic, hellmonk_ecumenical_altar_blasted
D:4:      layout_rooms, temple_hall, serial_shops, nicolae_shop_crystal,
          uniq_eustachio
D:5:      layout_cave_pools, nzn_wu_jian_council_hall,
          gammafunk_ghost_stat_death, kennysheep_opposing_triangles
D:6:      layout_basic
D:7:      layout_basic, grunt_temple_overflow_magic_moments, serial_bayou_ford_a
D:8:      layout_basic, dpeg_oklobed_lair, uniq_gastronok
D:9:      layout_basic, gammafunk_ghost_arena
D:10:     layout_cave_pods, grunt_temple_overflow_order_and_chaos_2,
          hiddenorc2_lemuel, ebering_ghost_rock_garden, nooodl_orcs_dogs
D:11:     layout_loops_ring, nicolae_uskayaw_en_pointe, uniq_harold
D:12:     cheibrodos_elevator_heist, layout_irregular_city, serial_shops, shop,
          minmay_misc_feat_doors, hangedman_abyss_or_decor_stabs,
          grunt_gozag_statues
D:13:     layout_roguey [special_room_orc],
          hangedman_vaults_entry_quadrant_bands, uniq_nessos, uniq_rupert
D:14:     layout_roguey, elyvilon_altar_4, uniq_snorg, uniq_jorgrun

Skill      XL: |  1  2  3  4  5  6  7  8  9 10 11 12 13 |
---------------+----------------------------------------+-----
Unarmed Combat | 3 4 5 6 8 9 11 13 14 15 | 15.0
Armour         | 2 3 4 5 6 8 9 10 | 10.8
Fighting       | 4 5 6 7 9 10 11 12 | 12.0
Dodging        | |  1.7

Action                   |  1- 3 |  4- 6 |  7- 9 | 10-12 | 13-15 || total
-------------------------+-------+-------+-------+-------+-------++-------
Melee: Unarmed           |   124 |   131 |   214 |   474 |    71 ||  1014
       Punch             |     1 |     6 |     8 |    36 |     9 ||    60
Invok: Berserk           |       |     3 |     4 |    11 |     1 ||    19
Evoke: Wand              |       |       |       |     2 |       ||     2
  Use: Scroll            |     1 |       |       |    17 |       ||    18
       Potion            |       |       |     5 |     4 |       ||     9
 Stab: Paralysed         |       |       |       |     2 |       ||     2
Armor: Animal skin       |     9 |       |       |       |       ||     9
       Ring mail         |    24 |       |       |       |       ||    24
       Scale mail        |     4 |    36 |    96 |       |       ||   136
       Chain mail        |       |       |    52 |    16 |       ||    68
       Plate armour      |       |       |       |   226 |    47 ||   273
Dodge: Dodged            |    79 |    43 |   141 |   280 |    28 ||   571
